 Dungeon Crawl Stone Soup version 0.31-a0-196-g86fe4a5e66 (webtiles) character file.

Game seed: 3885987149697354816

5 lessens the Ruffian (level 1, -2/16 HPs)
             Began as a Minotaur Transmuter on June 24, 2023.
             Slain by a goblin
             ... wielding a +0 dagger
              (4 damage)
             ... on level 1 of the Dungeon.
             The game lasted 00:00:21 (155 turns).

lessens the Ruffian (Minotaur Transmuter)            Turns: 155, Time: 00:00:22

Health: -2/16      AC:  2    Str: 14    XL:     1   Next: 66%
Magic:  1/1        EV: 12    Int: 10    God:
Gold:   0          SH:  0    Dex: 10    Spells: 1/2 levels left

rFire   . .          .
                       - Unarmed
rCold   . . .        (no shield)
rNeg    . . .        a - +0 robe
rPois   .            (helmet restricted)
rElec   .            (no cloak)
rCorr   .            (no gloves)
SInv    .            (no boots)
Will    .....        (no amulet)
Stlth   +            (no ring)
HPRegen 0.22/turn    (no ring)
MPRegen 0.07/turn

%: no passive effects
@: no status effects
A: horns 2, retaliatory headbutt
a: no special abilities


You were on level 1 of the Dungeon.
You visited 1 branch of the dungeon, and saw 1 of its levels.

Inventory:

Armour
 a - a +0 robe (worn)
Scrolls
 d - a scroll of teleportation {unknown}
Potions
 b - a potion of lignification
 c - 2 potions of curing {unknown}


   Skills:
 - Level 1.2 Fighting
 + Level 1.6 Axes
 - Level 2.1 Dodging
 - Level 3.2 Unarmed Combat
 - Level 1.3 Spellcasting
 - Level 1.5 Transmutations


You had one spell level left.
You knew the following spells:

 Your Spells              Type           Power      Damage    Failure   Level
a - Beastly Appendage     Tmut           6%         N/A       19%         1

Your spell library contained the following spells:

 Spells                   Type           Power      Damage    Failure   Level
 Wereblood                Tmut           3%         N/A       26%         2
 Spider Form              Tmut/Pois      2%         N/A       58%         3
 Ice Form                 Ice/Tmut       2%         N/A       94%         4


Dungeon Overview and Level Annotations

Branches:
Dungeon (1/15) Zot: 5845

Altars:


Innate Abilities, Weirdness & Mutations

You have a pair of horns on your head.
You reflexively headbutt those who attack you in melee.


Message History

Your punch misses the giant cockroach.
The giant cockroach is severely wounded.
The giant cockroach barely misses you. You furiously retaliate!
You headbutt the giant cockroach!
You kill the giant cockroach!
No target in view!
No target in view!
HP restored.
d - a scroll labelled WUSTOCZ MATI You see here a giant cockroach corpse.
A frilled lizard and a goblin come into view.
The frilled lizard hisses angrily.
The goblin shouts!
You hear a shout!
A goblin comes into view. It is wielding a +0 dagger.
You see here 13 gold pieces.
There are monsters nearby!
There are monsters nearby!
The goblin hits you with a +0 dagger. The frilled lizard closely misses you.
You furiously retaliate!
You headbutt the frilled lizard!
You kill the frilled lizard!
A hobgoblin comes into view.
You hit the goblin.
The goblin is moderately wounded.
The goblin hits you but does no damage.
You barely miss the goblin.
The goblin is moderately wounded.
The goblin hits you with a +0 dagger. The hobgoblin closely misses you.
You closely miss the goblin. Your headbutt misses the goblin.
The goblin is moderately wounded.
The hobgoblin hits you. The goblin hits you with a +0 dagger.
The goblin hits you but does no damage.
You are too injured to fight recklessly!
The hobgoblin completely misses you. The goblin hits you but does no damage.
The goblin attacks as you move away! The goblin hits you with a +0 dagger.
The goblin attacks as you move away! The goblin hits you with a +0 dagger.
* * * LOW HITPOINT WARNING * * *
The goblin hits you but does no damage. The goblin attacks as you move away!
The goblin hits you with a +0 dagger.
* * * LOW HITPOINT WARNING * * *
The goblin attacks as you move away! The goblin hits you with a +0 dagger.
You die...

#............
#...........#
#...........# #.
#..........# .#
#####........ ..
.......##..# .###
...........###
..# ♣.......g..##
#.#
♣♣♣♣♣♣.gg@..##
#.## ♣♣♣.....##
#..# ♣♣♣....###
##.# ♣♣♣
♣♣♣....####.#
♣♣♣P♣♣♣
♣♣♣♣.†.##.##
♣♣♣.....♣♣♣♣♣
♣.♣.....####
♣♣..♣♣♣♣♣....♣♣♣♣
♣.♣..........
..♣♣♣ ♣♣♣♣♣...♣♣
♣.♣♣♣....#### ♣♣♣
♣♣.♣♣♣.♣♣♣♣.
♣♣.....#


You could see a hobgoblin and 2 goblins.

Vanquished Creatures
  2 giant cockroaches (D:1)
  2 frilled lizards (D:1)
  A goblin (D:1)
  A kobold (D:1)
6 creatures vanquished.

Notes
Turn   | Place    | Note
-------+----------+-------------------------------------------
     0 | D:1      | lessens the Minotaur Transmuter began the quest for the
                  | Orb.
     0 | D:1      | Reached XP level 1. HP: 16/16 MP: 1/1
    65 | D:1      | Reached skill level 1 in Axes
   155 | D:1      | Slain by a goblin

Illustrated notes

Levels and vault maps discovered:
D:1:      kilobyte_arrival_exit_the_forest, layout_rooms, st_stairs_11

Skill      XL: |  1 |
---------------+----+-----
Axes           | 1 |  1.6
Fighting       | |  1.2
Dodging        | |  2.1
Unarmed Combat | |  3.2
Spellcasting   | |  1.3
Transmutations | |  1.5

Action                     || total
---------------------------++-------
  Melee: Unarmed           ||    20
         Headbutt          ||     1
 Armour: Robe              ||     4
  Dodge: Dodged            ||    16

Table legend: (Time is in decaauts)
 A = Elapsed time spent in this place.
 B = Non-inter-level travel time spent in this place.
 C = Inter-level travel time spent in this place.
 D = Time resting spent in this place.
 E = Time spent auto-exploring this place.
 F = Levels seen in this place.
 G = Mean time per level.
                   A        B        C        D        E       F      G
               +--------+--------+--------+--------+--------+-----+--------+
         Total |    154 |    154 |      0 |      0 |    112 |   1 |  154.0 |
       Dungeon |    154 |    154 |      0 |      0 |    112 |   1 |  154.0 |
               +--------+--------+--------+--------+--------+-----+--------+

Top non-repeatable levels by time:
     D:1: 154 daAuts

Levels and vault maps discovered:
D:1:      kilobyte_arrival_exit_the_forest, layout_rooms, st_stairs_11
